 Dungeon Crawl Stone Soup version 0.24.0-1-gfbc8707122 (webtiles) character file.

Game seed: 16549841479811248844, levelgen mode: deterministic

197 Curus the Poker (level 5, -6/67 HPs)
             Began as a Minotaur Berserker on Oct 27, 2019.
             Was a Believer of Trog.
             Mangled by an ogre
             ... wielding a +0 giant spiked club
              (11 damage)
             ... on level 3 of the Dungeon.
             The game lasted 00:07:51 (1736 turns).

Curus the Poker (Minotaur Berserker)                Turns: 1736, Time: 00:07:52

Health: -6/67      AC: 10    Str: 24    XL:     5   Next: 46%
Magic:  4/4        EV:  9    Int:  5    God:    Trog [**....]
Gold:   98         SH:  0    Dex: 13    Spells: 4/4 levels left

rFire    . . .     SeeInvis .   l - +0 trident
rCold    + . .     Gourm    .   (no shield)
rNeg     . . .     Faith    .   d - +0 chain mail
rPois    .         Spirit   .   (helmet unavailable)
rElec    .         Reflect  .   (no cloak)
rCorr    .         Harm     .   (no gloves)
MR       +....                  e - +1 pair of boots
Stlth    ..........             (no amulet)
HPRegen  0.21/turn              j - +3 ring of dexterity
MPRegen  0.09/turn              k - ring of protection from magic

@: berserking, very quick
A: retaliatory headbutt, horns 3, cold resistance 1, weak 1
a: Berserk, Trog's Hand, Renounce Religion


You were on level 3 of the Dungeon.
You worshipped Trog.
Trog was pleased with you.
You were hungry.

You visited 1 branch of the dungeon, and saw 3 of its levels.

You collected 98 gold pieces.

Inventory:

Hand Weapons
 a - a +1 spear
 l - a +0 trident (weapon)
Armour
 b - a +0 animal skin
 d - a +0 chain mail (worn)
 e - a +1 pair of boots (worn)
Jewellery
 j - a +3 ring of dexterity (left hand)
 k - a ring of protection from magic (right hand)
Scrolls
 f - a scroll of magic mapping
 g - 2 scrolls of identify
 h - a scroll of remove curse
Comestibles
 c - 6 rations
 m - a chunk of flesh


   Skills:
 - Level 3.6 Fighting
 + Level 7.5 Polearms
 - Level 2.4 Armour
 - Level 2.1 Dodging


You had 4 spell levels left.
You didn't know any spells.
Your spell library was empty.

Dungeon Overview and Level Annotations

Branches:
Dungeon (3/15)

Altars:
Sif Muna


Innate Abilities, Weirdness & Mutations

You reflexively headbutt those who attack you in melee.
You have a pair of large horns on your head.
Your flesh is cold resistant. (rC+)
You are weak. (Str -2)


Message History

The ogre shouts!
Attack whom?
Press: ? - help, Dir - move target cursor, f - ogre
Aim: an ogre, wielding a +0 giant spiked club You reach to attack!
You hit the ogre.
The ogre is lightly wounded.
You hit the ogre.
The ogre is lightly wounded.
The ogre hits you with a +0 giant spiked club!!
Your chain mail prevents you from hitting the ogre.
The ogre is lightly wounded.
The ogre hits you with a +0 giant spiked club!!
* * * LOW HITPOINT WARNING * * *
A red film seems to cover your vision as you go berserk!
You feel yourself moving faster!
You feel mighty!
You are feeling hungry.
You impale the ogre!!
The ogre is almost dead.
The ogre hits you with a +0 giant spiked club!
You die...

#...................
#......#...........##
#..<..............>.####
#......##..######.......
#......##...........#...
#..........####..#.†....
#####.###....##...[#....
#.=..........####....
#...@.....#....##....
#....O....#..#...#...
######.####....#.....
#... #.##..#....
.....#........
.............#
.#....##.#...
.....>.......
#....#.....


You could see an ogre.

Vanquished Creatures
  An orc priest (D:3)
  Natasha (thrice) (D:2)
  2 adders
  4 worms (D:2)
  2 dart slugs
  2 orcs (D:3)
  7 bats
  4 giant cockroaches
  7 goblins
  7 hobgoblins
  5 jackals
  3 quokkas
  A ball python (D:3)
  A frilled lizard (D:2)
  8 kobolds
  3 rats
60 creatures vanquished.

Notes
Turn   | Place    | Note
-------+----------+-------------------------------------------
     0 | D:1      | Curus the Minotaur Berserker began the quest for the Orb.
     0 | D:1      | Reached XP level 1. HP: 19/19 MP: 0/0
    56 | D:1      | Reached skill level 4 in Polearms
   135 | D:1      | Reached XP level 2. HP: 26/26 MP: 1/1
   778 | D:2      | Reached skill level 5 in Polearms
   781 | D:2      | Reached XP level 3. HP: 28/31 MP: 2/2
   855 | D:2      | Reached ** piety under Trog
  1056 | D:2      | Noticed Natasha
  1059 | D:2      | Killed Natasha
  1059 | D:2      | Reached skill level 6 in Polearms
  1059 | D:2      | Reached XP level 4. HP: 39/39 MP: 3/3
  1182 | D:2      | Noticed Natasha
  1193 | D:2      | Killed Natasha
  1274 | D:2      | Noticed Natasha
  1279 | D:2      | Killed Natasha
  1282 | D:2      | Gained mutation: You are weak. (Str -2) [potion of
                  | mutation]
  1282 | D:2      | Gained mutation: Your flesh is cold resistant. (rC+)
                  | [potion of mutation]
  1282 | D:2      | Gained mutation: You have a pair of large horns on your
                  | head. [potion of mutation]
  1444 | D:3      | Reached XP level 5. HP: 45/45 MP: 4/4
  1449 | D:3      | Reached skill level 7 in Polearms
  1555 | D:3      | Found a shimmering blue altar of Sif Muna.
  1729 | D:3      | Noticed an ogre
  1736 | D:3      | Mangled by an ogre

Levels and vault maps discovered:
D:1:      sevenhm_arrival_forest_fort_small_4, layout_basic
D:2:      layout_rooms, uniq_natasha
D:3:      layout_rooms, nicolae_overflow_crystal_walls, hangedman_decor_points,
          led_sif_pool

Skill      XL: |  1  2  3  4  5 |
---------------+----------------+-----
Polearms       | 4 5 6 7 |  7.5
Fighting       | |  3.6
Armour         | |  2.4
Dodging        | |  2.1

Action                   |  1- 3 |  4- 6 || total
-------------------------+-------+-------++-------
Melee: Spear             |    85 |    68 ||   153
       Headbutt          |     8 |    17 ||    25
       Trident           |       |    17 ||    17
Invok: Berserk           |       |     1 ||     1
  Use: Scroll            |     4 |     2 ||     6
       Potion            |     1 |     3 ||     4
  Eat: Chunk             |       |     3 ||     3
Armor: Chain mail        |    22 |    24 ||    46
       Animal skin       |     2 |       ||     2
Dodge: Dodged            |    28 |    13 ||    41
